 Dungeon Crawl Stone Soup version 0.28.0-49-g6dfe1f597d (webtiles) character file.

Game seed: 11530807215214917144

85 Exodus22XD the Shield-Bearer (level 4, -3/40 HPs)
             Began as a Minotaur Fighter on May 19, 2022.
             Succumbed to a scorpion's poison
             ... on level 3 of the Dungeon.
             The game lasted 00:02:16 (1912 turns).

Exodus22XD the Shield-Bearer (Minotaur Fighter)     Turns: 1912, Time: 00:02:17

Health: -3/40      AC:  9    Str: 22    XL:     4   Next: 25%
Magic:  3/3        EV:  7    Int:  5    God:
Gold:   61         SH:  4    Dex: 10    Spells: 3/3 levels left

rFire   + . .      SeeInvis .   a - +0 war axe
rCold   . . .      Faith    .   c - +0 buckler
rNeg    . . .      Spirit   .   h - +0 chain mail
rPois   .          Reflect  .   (helmet restricted)
rElec   .          Harm     .   (no cloak)
rCorr   .          Rampage  .   (no gloves)
Will    .....                   (no boots)
Stlth   ..........              (no amulet)
HPRegen 0.13/turn               g - ring of protection from fire
MPRegen 0.08/turn               (no ring)

@: mighty, lethally poisoned (-3 -> -27)
A: horns 2, retaliatory headbutt
a: no special abilities


You were on level 3 of the Dungeon.
You visited 1 branch of the dungeon, and saw 3 of its levels.

You collected 61 gold pieces.

Inventory:

Hand Weapons
 a - a +0 war axe (weapon)
 i - a +2 spear of venom
Missiles
 l - 2 javelins (quivered)
Armour
 c - a +0 buckler (worn)
 h - a +0 chain mail (worn)
Jewellery
 g - a ring of protection from fire (left hand)
Scrolls
 f - 2 scrolls of noise {unknown}
 j - a scroll of fog {unknown}
Potions
 b - a potion of ambrosia
 e - a potion of attraction {unknown}
 k - a potion of heal wounds {unknown}
 m - a potion of curing {unknown}


   Skills:
 + Level 4.2 Fighting
 + Level 3.8 Axes
 + Level 4.3 Armour
 + Level 4.3 Shields


You had 3 spell levels left.
You didn't know any spells.
Your spell library contained the following spells:

 Spells                   Type           Power      Damage    Failure   Level
 Conjure Flame            Conj/Fire      0%         6-21      100%        3
 Ignite Poison            Fire/Tmut/Pois 0%         N/A       100%        3
 Sticky Flame             Conj/Fire      0%         2d3       100%        4


Dungeon Overview and Level Annotations

Branches:
Dungeon (3/15)

Altars:


Innate Abilities, Weirdness & Mutations

You have a pair of horns on your head.
You reflexively headbutt those who attack you in melee.


Message History

You are confused.
You feel invigorated.
* * * LOW HITPOINT WARNING * * *
You feel very sick. The adder bites you but does no damage.
The scorpion stings you but does no damage.
You closely miss the scorpion.
The scorpion is severely wounded.
You miss the adder.
* * * LOW HITPOINT WARNING * * *
You feel very sick. The adder bites you but does no damage.
The scorpion closely misses you. The adder bites you but does no damage.
The scorpion stings you.
* * * LOW HITPOINT WARNING * * *
You closely miss the scorpion.
The scorpion is severely wounded.
You hit the adder.
* * * LOW HITPOINT WARNING * * *
You feel sick. The adder bites you but does no damage.
The scorpion stings you but does no damage.
The adder completely misses you. The scorpion stings you.
* * * LOW HITPOINT WARNING * * *
You are more poisoned.
The scorpion poisons you!
* * * LOW HITPOINT WARNING * * *
You feel very sick. The adder bites you but does no damage.
The scorpion stings you but does no damage.
Unknown command.
You feel less invigorated.
You feel less confused.
* * * LOW HITPOINT WARNING * * *
You feel very sick. The adder bites you.
* * * LOW HITPOINT WARNING * * *
The scorpion stings you.
* * * LOW HITPOINT WARNING * * *
You are more poisoned.
The scorpion poisons you! The adder bites you but does no damage.
You die...

## ##. ####..
......# #.#....
.......## #.@###
.#### #####sS.#.#
.....##.S.Sg#...#
..........wl.##..#
..............#....
...................
..............##.#.
..............# #
<...............


You could see a scorpion, an adder, a dart slug, a hobgoblin, a ball python and
a frilled lizard.

Vanquished Creatures
  4 adders (D:2)
  A dart slug (D:2)
  3 bats (D:1)
  4 endoplasms
  A giant cockroach (D:1)
  2 hobgoblins
  7 jackals
  A quokka (D:2)
  4 ball pythons
  2 frilled lizards
  3 goblins
  9 kobolds
  6 rats
47 creatures vanquished.

Notes
Turn   | Place    | Note
-------+----------+-------------------------------------------
     0 | D:1      | Exodus22XD the Minotaur Fighter began the quest for the
                  | Orb.
     0 | D:1      | Reached XP level 1. HP: 19/19 MP: 0/0
   254 | D:1      | Reached XP level 2. HP: 27/27 MP: 1/1
  1007 | D:2      | Reached XP level 3. HP: 33/33 MP: 2/2
  1496 | D:2      | Reached XP level 4. HP: 40/40 MP: 3/3
  1892 | D:3      | Noticed a scorpion
  1911 | D:3      | HP: 2/40 [scorpion (1)]
  1912 | D:3      | Succumbed to a scorpion's poison

Illustrated notes

Levels and vault maps discovered:
D:1:      erik_arrival_triangle_large, layout_loops_ring
D:2:      layout_basic
D:3:      layout_rooms, hellmonk_ecumenical_altar_run_dry, uniq_ijyb

Skill      XL: |  1  2 |
---------------+-------+-----
Armour         | 4 |  4.3
Shields        | 4 |  4.3
Fighting       | 4 |  4.2
Axes           | 3 |  3.8

Action                   |  1- 3 |  4- 6 || total
-------------------------+-------+-------++-------
Melee: War axe           |   104 |    15 ||   119
       Headbutt          |    13 |     1 ||    14
  Use: Potion            |       |     2 ||     2
Armor: Scale mail        |    26 |       ||    26
       Chain mail        |    32 |    21 ||    53
Dodge: Dodged            |    46 |     8 ||    54
Block: Buckler           |    21 |     4 ||    25
